 Dungeon Crawl Stone Soup version 0.29-a0-1019-g84f7d21838 (webtiles) character file.

Game seed: 3319563948601252303

235656 Newt the Crack Shot (level 20, -3/122 HPs)
             Began as a Kobold Hunter on Aug 10, 2022.
             Was the Champion of Hepliaklqana.
             Succumbed to their own poison gas
             ... on level 1 of the Vaults.
             The game lasted 01:35:31 (30043 turns).

Newt the Crack Shot (Kobold Hunter)                Turns: 30043, Time: 01:35:32

Health: -3/122     AC: 24    Str: 19    XL:     20   Next: 43%
Magic:  43/43      EV: 20    Int: 17    God:    Hepliaklqana [******]
Gold:   6151       SH:  0    Dex: 32    Spells: 35/40 levels left

rFire   + + .      SeeInvis .   f - +6 hand crossbow "Ipocun" {vorpal, rC+ rCorr Str+4 Dex-5}
rCold   + . .      Faith    .   V - +0 buckler
rNeg    . . .      Spirit   .   Z - +8 chain mail of the Sturgeon {rF++}
rPois   .          Reflect  .   M - +1 helmet of Fortification {rElec Will+ Str+4}
rElec   +          Harm     .   C - +0 cloak of Light {rC- rCorr Stlth+}
rCorr   +          Rampage  .   (no gloves)
Will    ++...                   K - +0 pair of boots {Stlth+}
Stlth   +.........              k - amulet of regeneration
HPRegen 1.10/turn               u - ring of the Castellan {MP+9 Int+6 Dex+7 Stlth-}
MPRegen 0.28/turn               N - +6 ring of dexterity

@: confused, lethally poisoned (-3 -> -34), ambrosia-drunk
A: reduced essence, small, no large weapons, nightstalker 3, hooves 1, cold
resistance 1
}: 1/15 runes: decaying
a: Renounce Religion, Recall Ancestor, Ancestor Identity, Transference, Idealise


You were on level 1 of the Vaults.
You worshipped Hepliaklqana.
Hepliaklqana was exalted by your worship.
You visited 8 branches of the dungeon, and saw 31 of its levels.
You also visited: Bailey and Ice Cave.

You collected 6333 gold pieces.
You spent 182 gold pieces at shops.

Inventory:

Hand Weapons
 f - the +6 hand crossbow "Ipocun" (weapon) {vorpal, rC+ rCorr Str+4 Dex-5}
   (You acquired it on level 2 of the Dungeon)

   Any ammunition fired from it inflicts extra damage upon your enemies.
   Str:       It affects your strength (+4).
   Dex:       It affects your dexterity (-5).
   rC:        It protects you from cold.
   rCorr:     It protects you from acid and corrosion.
 P - a +1 shortbow of freezing
Armour
 A - the +0 scale mail of the Swamp {rN++}
   (You found it on level 3 of the Elven Halls)

   rN:        It greatly protects you from negative energy.
 C - the +0 cloak of Light (worn) {rC- rCorr Stlth+}
   (You found it on level 3 of the Elven Halls)

   rC:        It makes you vulnerable to cold.
   rCorr:     It protects you from acid and corrosion.
   Stlth:     It makes you more stealthy.
 K - a +0 pair of boots of stealth (worn)
 M - the +1 helmet of Fortification (worn) {rElec Will+ Str+4}
   (You acquired it on level 9 of the Dungeon)

   Str:       It affects your strength (+4).
   rElec:     It insulates you from electricity.
   Will:      It increases your willpower.
 V - a +0 buckler (worn)
 Z - the +8 chain mail of the Sturgeon (worn) {rF++}
   (You found it on level 13 of the Dungeon)

   rF:        It greatly protects you from fire.
Jewellery
 c - the ring "Ozumyj" {rElec MP+9 Stlth+}
   (You found it on level 2 of the Lair of Beasts)

   [ring of magical power]

   rElec:     It insulates you from electricity.
   MP:        It affects your magic capacity (+9).
   Stlth:     It makes you more stealthy.
 k - an amulet of regeneration (around neck)
 p - a +6 ring of strength
 s - a ring of flight
 u - the ring of the Castellan (left hand) {MP+9 Int+6 Dex+7 Stlth-}
   (You took it off an orc warrior in a bailey)

   [ring of intelligence]

   Int:       It affects your intelligence (+6).
   Dex:       It affects your dexterity (+7).
   MP:        It affects your magic capacity (+9).
   Stlth:     It makes you less stealthy.
 x - a ring of wizardry
 B - a +4 ring of evasion
 G - a +6 ring of strength
 N - a +6 ring of dexterity (right hand)
 Q - a ring of resist corrosion
Wands
 a - a wand of flame (48)
 H - a wand of charming (39)
 I - a wand of quicksilver (6)
 J - a wand of polymorph (29)
 L - a wand of mindburst (3)
 R - a wand of iceblast (25)
Scrolls
 b - 4 scrolls of immolation
 d - 2 scrolls of enchant armour
 l - 5 scrolls of teleportation
 m - 2 scrolls of poison
 n - 11 scrolls of identify
 v - 8 scrolls of vulnerability
 y - 7 scrolls of magic mapping
 z - a scroll of butterflies
 D - 3 scrolls of enchant weapon
 W - a scroll of amnesia
Potions
 h - 3 potions of cancellation
 j - a potion of ambrosia
 q - a potion of haste
 r - a potion of invisibility
 t - 5 potions of magic
 E - 2 potions of brilliance
 F - a potion of resistance
 S - 2 potions of flight
 U - a potion of berserk rage {unknown}
 Y - 4 potions of might
Miscellaneous
 g - a tin of tremorstones (2/2)
 o - a phantom mirror
 w - a condenser vane (quivered)
 O - a phial of floods
 T - a lightning rod (4/4)


   Skills:
 - Level 18.0 Fighting
 - Level 22.0 Ranged Weapons
 - Level 9.5 Armour
 - Level 11.3 Dodging
 - Level 8.0 Stealth
 - Level 6.5 Shields
 * Level 10.9 Spellcasting
 * Level 5.9 Hexes
 + Level 5.0 Summonings
 - Level 8.4 Translocations
 * Level 2.6 Fire Magic
 - Level 9.5 Invocations
 - Level 12.0 Evocations


You had 35 spell levels left.
You knew the following spells:

 Your Spells              Type           Power      Damage    Failure   Level
a - Portal Projectile     Hex/Tloc       66%        N/A       14%         3
b - Blink                 Tloc           74%        N/A       4%          2

Your spell library contained the following spells:

 Spells                   Type           Power      Damage    Failure   Level
 Gell's Gravitas          Tloc           37%        N/A       9%          3
 Lesser Beckoning         Tloc           37%        N/A       9%          3
 Teleport Other           Tloc           37%        N/A       9%          3
 Summon Small Mammal      Summ           100%       N/A       11%         1
 Call Imp                 Summ           26%        N/A       17%         2
 Tukima's Dance           Hex            29%        N/A       22%         3
 Summon Guardian Golem    Hex/Summ       28%        N/A       26%         3
 Call Canine Familiar     Summ           26%        N/A       32%         3
 Ensorcelled Hibernation  Hex/Ice        38%        N/A       36%         2
 Scorch                   Fire           36%        2d7       41%         2
 Inner Flame              Hex/Fire       23%        N/A       41%         3
 Foxfire                  Conj/Fire      52%        2x1d6     45%         1
 Cause Fear               Hex            14%        N/A       58%         4
 Dazzling Flash           Conj/Hex       38%        N/A       61%         3
 Manifold Assault         Tloc           37%        N/A       61%         5
 Freeze                   Ice            36%        1d6       65%         1
 Magic Dart               Conj           36%        1d4       65%         1
 Necrotise                Necr           36%        1d5       65%         1
 Shock                    Conj/Air       36%        1d5       65%         1
 Passwall                 Tmut/Erth      7%         N/A       80%         2
 Searing Ray              Conj           18%        2d5       80%         2
 Conjure Flame            Conj/Fire      13%        6-21      83%         3
 Summon Forest            Summ/Tloc      16%        N/A       83%         5
 Ignite Poison            Fire/Tmut/Pois 12%        N/A       88%         3
 Frozen Ramparts          Ice            18%        1d3       95%         3
 Mephitic Cloud           Conj/Pois/Air  9%         N/A       95%         3
 Ozocubu's Armour         Ice            9%         N/A       95%         3
 Spider Form              Tmut/Pois      9%         N/A       95%         3
 Swiftness                Air            9%         N/A       95%         3
 Vampiric Draining        Necr           9%         2d6       95%         3
 Anguish                  Hex/Necr       9%         N/A       95%         4
 Animate Armour           Summ/Erth      34%        N/A       97%         4
 Summon Ice Beast         Ice/Summ       17%        N/A       97%         4
 Summon Lightning Spire   Summ/Air       17%        N/A       97%         4
 Flame Wave               Conj/Fire      13%        2d6       99%         4
 Dispersal                Tloc           18%        N/A       99%         6
 Airstrike                Air            4%         2d(1-17)  100%        4
 Animate Dead             Necr           9%         N/A       100%        4
 Hailstorm                Conj/Ice       9%         3d4       100%        4
 Ice Form                 Ice/Tmut       9%         N/A       100%        4
 Petrify                  Tmut/Erth      9%         N/A       100%        4
 Agony                    Necr           9%         N/A       100%        5
 Blade Hands              Tmut           4%         N/A       100%        5
 Borgnjor's Vile Clutch   Necr/Erth      4%         N/A       100%        5
 Freezing Cloud           Conj/Ice/Air   4%         6-21      100%        5
 Irradiate                Conj/Tmut      4%         3d13      100%        5
 Lightning Bolt           Conj/Air       4%         1d16      100%        5
 Metabolic Englaciation   Hex/Ice        9%         N/A       100%        5
 Silence                  Hex/Air        9%         N/A       100%        5
 Death Channel            Necr           4%         N/A       100%        6
 Eringya's Noxious Bog    Tmut/Pois      4%         N/A       100%        6
 Iron Shot                Conj/Erth      4%         9d2       100%        6
 Simulacrum               Ice/Necr       4%         N/A       100%        6
 Statue Form              Tmut/Erth      6%         N/A       100%        6
 Summon Cactus Giant      Summ           13%        N/A       100%        6
 Dragon Form              Tmut           4%         N/A       100%        7
 Haunt                    Necr/Summ      8%         N/A       100%        7
 Orb of Destruction       Conj           4%         9d5       100%        7
 Spellforged Servitor     Conj/Summ      8%         N/A       100%        7
 Storm Form               Tmut/Air       4%         N/A       100%        7
 Summon Hydra             Summ           13%        N/A       100%        7
 Infestation              Necr           4%         N/A       100%        8
 Maxwell's Capacitive Co  Air            4%         ∞         100%        8
 Dragon's Call            Summ           13%        N/A       100%        9
 Polar Vortex             Ice            4%         N/A       100%        9


Dungeon Overview and Level Annotations

Branches:
Dungeon (15/15)            Temple (1/1) D:7            Lair (4/5) D:10
  Swamp (4/4) Lair:2       Spider (0/4) Lair:3        Slime (0/5) Lair:4
    Orc (2/2) D:9             Elf (3/3) Orc:2        Vaults (1/5) D:14
 Depths (1/4) D:15         Bailey (visited)           IceCv (visited)

Altars:
Elyvilon
Fedhas
Gozag
Hepliaklqana
Kikubaaqudgha
Makhleb
Nemelex Xobeh
Ru
Sif Muna
Trog
Wu Jian
Yredelemnul
Zin
The Shining One
Jiyva

Shops:
Orc:2 [([[   Elf:2 [   Elf:3 (

Annotations:
Depths:1 the Enchantress


Innate Abilities, Weirdness & Mutations

Your life essence is reduced to manifest your ancestor. (-10% HP)
You are small and have problems with some larger weapons.
You are completely attuned to the shadows.
You have large cloven feet.
Your flesh is cold resistant. (rC+)


Message History

The orc warlord looks as sick as possible!
The orc knight is engulfed in poison gas.
The orc knight looks as sick as possible!
You feel better.
You are engulfed in poison gas.
You are poisoned.
* * * LOW HITPOINT WARNING * * *
You feel stable enough to blink again.
* * * LOW HITPOINT WARNING * * *
You feel very sick.
The orc knight is engulfed in poison gas.
The orc knight looks as sick as possible!
The orc knight is engulfed in poison gas.
The orc knight looks as sick as possible!
You kill the orc knight!
The orc warlord is engulfed in poison gas.
The orc warlord looks as sick as possible!
You feel better.
You are engulfed in poison gas.
You are poisoned.
* * * LOW HITPOINT WARNING * * *
You feel very sick.
You kill the orc warlord!
You feel better.
You are engulfed in poison gas.
You are lethally poisoned!
* * * LOW HITPOINT WARNING * * *
x2 You feel very sick.
Unknown command.
You feel better.
You are engulfed in poison gas.
You are poisoned.
* * * LOW HITPOINT WARNING * * *
x2 You feel very sick.
You are confused.
You feel invigorated.
You are engulfed in poison gas.
You are more poisoned.
* * * LOW HITPOINT WARNING * * *
You feel very sick.
Unknown command.
You're too confused to cast spells.
You are engulfed in poison gas.
You are more poisoned.
You die...

####'####..#......#..o..
##.#.## #..#......#####.
##..).^###..#......#
#......)##..#.°.°..#
##.....###..#..○...#
+.......##..'○.)...#
##^...^###..#°..○..#
##.#.## #..#).○...#
###'####..#.○@...#
#......#..#○.....#
##.....'..########
##....#........
##...#........
##..#......).
###..#........
##....#........
#.∩...'........


There were no monsters in sight!

Vanquished Creatures
  Jorgrun (Orc:2)
  Mlioglotl (Swamp:2)
  Rupert (Lair:4)
  2 deep elf blademasters
  2 deep elf master archers (Elf:3)
  Gastronok (D:8)
  A fenstrider witch (Swamp:3)
  8 deep elf sorcerers
  An orc warlord (Vaults:1)
  4 deep elf elementalists (Elf:3)
  Louise (D:15)
  An ironbound thunderhulk (Vaults:1)
  An ironbound preserver (Vaults:1)
  3 eleionomae
  A vampire knight (Swamp:4)
  Nessos (D:15)
  5 deep elf demonologists (Elf:3)
  2 juggernaut skeletons (D:15)
  4 entropy weavers (D:10)
  A bunyip (Swamp:4)
  A minotaur (Orc:2)
  8 deep elf annihilators
  2 deep elf death magi (Elf:3)
  The ghost of buhh the Spry, a journeyman DEEE of Vehumet (Orc:2)
  A shambling mangrove (Swamp:4)
  2 deep elf high priests (Elf:3)
  A spriggan zombie (D:15)
  7 hydras
  Erolcha (D:12)
  3 boulder beetles
  An ice dragon (D:14)
  7 ghost crabs
  A spriggan air mage (D:15)
  3 two-headed ogres
  4 centaur warriors
  An ironbound frostheart (Vaults:1)
  Erica (D:8)
  22 dancing weapons
  A tengu warrior (D:14)
  2 orc high priests (Orc:2)
  5 alligators
  2 death yaks (Lair:4)
  11 deep elf knights
  8 spriggans
  4 spriggan berserkers (Elf:1)
  Amaemon (Lair:3)
  6 fire crabs (D:10)
  3 skeletal warriors
  5 swamp dragons
  3 goliath frogs
  2 flayed ghosts
  3 spriggan druids
  3 spectral hydras (Swamp:4)
  12 deep elf archers
  An orb spider (Lair:3)
  4 deep trolls (Vaults:1)
  4 bog bodies (Swamp:1)
  30 deep elf pyromancers
  10 orc knights
  32 deep elf zephyrmancers
  11 ugly things
  A fire giant zombie (D:15)
  An oklob plant (Swamp:4)
  An orc sorcerer (Elf:1)
  2 will-o-the-wisps
  3 slime creatures
  4 cyclopes
  Joseph (D:7)
  A vault sentinel (Vaults:1)
  An apocalypse crab (D:10)
  5 black mambas
  8 cane toads
  An unseen horror (D:9)
  An orange demon (Lair:3)
  Psyche (D:11)
  A gargoyle (D:13)
  Maggie (D:8)
  2 efreet
  2 rime drakes (IceCv)
  3 komodo dragons
  2 tengu conjurers
  2 hydra zombies (Swamp:4)
  2 freezing wraiths
  A guardian mummy (D:15)
  2 death drake zombies (Swamp:4)
  A bloated husk (Swamp:2)
  2 polar bears (IceCv)
  9 trolls
  5 tyrant leeches
  7 hornets
  2 hydra skeletons (Swamp:4)
  A tarantella (shapeshifter) (Elf:2)
  Grinder (D:3)
  Prince Ribbit (D:6)
  7 blink frogs
  15 flying skulls
  6 air elementals
  4 water elementals
  27 yaks
  A wraith (D:12)
  A vampire (D:11)
  3 fire elementals
  13 humans
  2 wyverns
  2 hogs (D:12)
  A basilisk (Lair:1)
  A golden eye (shapeshifter) (D:11)
  3 vampire mosquitoes (D:14)
  12 swamp worms
  2 wargs (D:10)
  13 water moccasins
  2 hydra simulacra (Swamp:4)
  An acid dragon (D:14)
  Duvessa (D:7)
  5 swamp drakes
  31 orc warriors
  A black bear (shapeshifter) (Elf:1)
  7 ogres
  3 ice beasts
  3 boggarts (D:15)
  5 centaurs
  2 sky beasts
  4 phantoms
  14 bullfrogs
  7 kobold brigands
  A gnoll sergeant (D:9)
  3 earth elementals (Elf:2)
  5 scorpions
  8 wights
  Dowan (D:7)
  3 killer bees (D:9)
  An electric eel (D:12)
  A gnoll bouda (D:5)
  30 orc priests
  A hound (D:6)
  14 orc wizards
  3 iguanas
  17 gnolls
  6 adders
  2 shadow imps
  2 white imps
  A worm (D:4)
  2 dart slugs
  74 orcs
  2 ball pythons
  7 bats
  2 endoplasms
  5 giant cockroaches
  7 hobgoblins
  6 jackals
  5 quokkas
  3 training dummies (Elf:3)
  5 frilled lizards
  2 goblins
  21 kobolds
  4 rats
  A spectral goblin (D:1)
794 creatures vanquished.

Vanquished Creatures (collateral kills)
  2 deep elf master archers (Elf:3)
  3 thorn hunters (Swamp:4)
  Kirke (D:12)
  2 deep elf sorcerers
  A deep elf elementalist (Elf:3)
  A vampire knight (Swamp:4)
  2 deep elf demonologists (Elf:3)
  2 eleionomae (Swamp:3)
  3 deep elf annihilators (Elf:3)
  2 bunyips
  2 deep elf death magi (Elf:3)
  A shambling mangrove (Swamp:4)
  11 hydras
  2 boulder beetles
  2 two-headed ogres
  3 dancing weapons
  A tengu warrior (D:14)
  An alligator (Swamp:1)
  3 orc high priests (Orc:2)
  3 spriggans
  9 deep elf knights
  3 spriggan druids
  6 deep elf archers
  A swamp dragon (Swamp:4)
  A wizard (Elf:1)
  7 deep elf pyromancers
  A necromancer (D:15)
  An orc sorcerer (Elf:1)
  7 deep elf zephyrmancers
  2 oklob plants (Swamp:4)
  3 ugly things
  A slime creature (D:15)
  A will-o-the-wisp (Swamp:4)
  A torpor snail (Lair:4)
  An efreet (D:14)
  An unseen horror (shapeshifter) (Elf:3)
  2 komodo dragons
  A rime drake (Lair:3)
  A polar bear (Lair:4)
  A troll (D:13)
  A hydra zombie (Swamp:4)
  A death drake zombie (Swamp:4)
  A tyrant leech (Swamp:1)
  2 hornets (Swamp:1)
  2 blink frogs (Lair:3)
  A wolf spider simulacrum (D:15)
  4 flying skulls (D:14)
  A vampire (D:14)
  A water elemental (Elf:2)
  8 yaks
  A basilisk (Lair:1)
  3 humans (D:13)
  4 swamp worms
  A hydra simulacrum (Swamp:4)
  A water moccasin (Lair:2)
  3 orc warriors
  2 swamp drakes (Swamp:4)
  2 swamp dragon zombies (Swamp:4)
  4 boggarts
  A centaur (D:15)
  A kobold brigand (Bailey)
  A bullfrog (Lair:3)
  3 orc priests
  5 orc wizards
  17 orcs
170 creatures vanquished.

Vanquished Creatures (others)
  A yaktaur captain (Vaults:1)
  An orc knight (D:13)
  2 deep elf zephyrmancers (Elf:1)
  2 bloated husks (Swamp:1)
  A swamp drake (Swamp:1)
  25 knights
  4 ancestors
  A briar patch (Swamp:4)
  5 foxfires
  19 fungi
  23 plants
  5 withered plants (D:15)
89 creatures vanquished.

Grand Total: 1053 creatures vanquished

Notes
Turn   | Place    | Note
-------+----------+-------------------------------------------
     0 | D:1      | Newt the Kobold Hunter began the quest for the Orb.
     0 | D:1      | Reached XP level 1. HP: 12/12 MP: 1/1
   249 | D:1      | Reached XP level 2. HP: 17/17 MP: 2/2
   275 | D:1      | Reached skill level 6 in Ranged Weapons
   498 | D:1      | Found a faded altar of an unknown god.
   767 | D:1      | Reached XP level 3. HP: 21/21 MP: 3/3
  1170 | D:2      | Identified a scroll of acquirement
  1170 | D:2      | Acquired the +6 hand crossbow "Ipocun" {vorpal, rC+ rCorr
                  | Str+4 Dex-5}
  1398 | D:2      | Reached skill level 7 in Ranged Weapons
  1398 | D:2      | Reached XP level 4. HP: 23/26 MP: 4/4
  1528 | D:2      | Reached skill level 1 in Armour
  1798 | D:3      | Reached XP level 5. HP: 30/30 MP: 5/5
  1858 | D:3      | Reached skill level 8 in Ranged Weapons
  1962 | D:3      | Noticed Grinder
  1967 | D:3      | Paralysed by Grinder for 4 turns
  1972 | D:3      | Killed Grinder
  1973 | D:3      | Reached skill level 9 in Ranged Weapons
  1973 | D:3      | Reached XP level 6. HP: 8/35 MP: 6/6
  2487 | D:4      | Reached XP level 7. HP: 40/40 MP: 7/7
  2651 | D:4      | Reached skill level 10 in Ranged Weapons
  3228 | D:5      | Entered Level 5 of the Dungeon
  3502 | D:5      | Reached XP level 8. HP: 48/48 MP: 8/8
  3503 | D:5      | Reached skill level 5 in Stealth
  4332 | D:6      | Noticed Prince Ribbit
  4334 | D:6      | Killed Prince Ribbit
  4335 | D:6      | Reached skill level 5 in Fighting
  4399 | D:6      | Reached XP level 9. HP: 55/55 MP: 9/9
  4552 | D:6      | Reached skill level 5 in Dodging
  5202 | D:7      | Found a sparkling altar of Nemelex Xobeh.
  5404 | D:7      | Noticed Dowan
  5406 | D:7      | Noticed Duvessa
  5410 | D:7      | Killed Duvessa
  5412 | D:7      | Killed Dowan
  5464 | D:7      | Found a staircase to the Ecumenical Temple.
  5492 | Temple   | Entered the Ecumenical Temple
  5513 | Temple   | Became a worshipper of Hepliaklqana the Forgotten
  5783 | D:7      | Noticed Joseph
  5790 | D:7      | Killed Joseph
  5791 | D:7      | Reached skill level 10 in Fighting
  5791 | D:7      | Reached XP level 10. HP: 26/68 MP: 10/10
  6161 | D:8      | Found a flagged portal.
  6167 | Bailey   | Entered a bailey
  6207 | Bailey   | Reached * piety under Hepliaklqana
  6218 | Bailey   | Gained mutation: You have large cloven feet. [potion of
                  | mutation]
  6218 | Bailey   | Gained mutation: Your flesh is cold resistant. (rC+)
                  | [potion of mutation]
  6260 | Bailey   | Identified the ring of the Castellan {MP+9 Int+6 Dex+7
                  | Stlth-}
  6265 | Bailey   | Reached skill level 11 in Ranged Weapons
  6306 | Bailey   | Found a burning altar of Makhleb.
  6375 | Bailey   | Identified the +5 morningstar of Prudence {pain, Fragile
                  | rF++ rN+ rCorr}
  6452 | D:8      | Noticed Erica
  6898 | D:8      | Killed Erica
  7016 | D:8      | Noticed Maggie
  7024 | D:8      | Killed Maggie
  7216 | D:8      | Reached skill level 12 in Ranged Weapons
  7352 | D:8      | Noticed Gastronok
  7360 | D:8      | Killed Gastronok
  7361 | D:8      | Reached skill level 13 in Ranged Weapons
  7361 | D:8      | Reached XP level 11. HP: 64/66 MP: 11/11
  7602 | D:9      | Reached skill level 14 in Ranged Weapons
  7661 | D:9      | Found a sacrificial altar of Ru.
  7662 | D:9      | Found an opulent altar of Gozag.
  7662 | D:9      | Found a glowing golden altar of the Shining One.
  7730 | D:9      | Found a burning altar of Makhleb.
  7889 | D:9      | Noticed a two-headed ogre
  7902 | D:9      | Killed a two-headed ogre
  8246 | D:9      | Acquired the +1 helmet of Fortification {rElec Will+ Str+4}
  8258 | D:9      | Acquired 1046 gold pieces
  8381 | D:9      | Reached skill level 15 in Ranged Weapons
  8436 | D:9      | Noticed a red ugly thing
  8443 | D:9      | Killed a red ugly thing
  8462 | D:9      | Noticed an eight-headed hydra
  8492 | D:9      | Killed an eight-headed hydra
  8493 | D:9      | Reached skill level 16 in Ranged Weapons
  8771 | D:9      | Reached skill level 1 in Evocations
  8775 | D:9      | Reached XP level 12. HP: 72/72 MP: 12/12
  8821 | D:9      | Found a staircase to the Orcish Mines.
  8835 | Orc:1    | Entered Level 1 of the Orcish Mines
  8880 | Orc:1    | Reached ** piety under Hepliaklqana
  8881 | Orc:1    | Remembered your ancestor Preben as a knight
  9209 | Orc:2    | Entered Level 2 of the Orcish Mines
  9222 | Orc:2    | Noticed Jorgrun
  9299 | Orc:2    | Killed Jorgrun
  9320 | Orc:2    | Reached skill level 5 in Evocations
  9463 | Orc:2    | Found a runed translucent gate.
  9464 | Orc:2    | Found a runed translucent gate.
  9465 | Orc:2    | Found a runed translucent gate.
  9499 | Orc:2    | Noticed a minotaur
  9501 | Orc:2    | Noticed buhh's ghost (journeyman DEEE)
  9507 | Orc:2    | Killed a minotaur
  9517 | Orc:2    | Killed buhh's ghost
  9634 | Orc:2    | Found a staircase to the Elven Halls.
  9768 | Orc:2    | Noticed an orc high priest
  9772 | Orc:2    | Noticed a soul eater
  9773 | Orc:2    | Killed an orc high priest
  9774 | Orc:2    | Reached skill level 5 in Armour
 10039 | Orc:2    | Noticed an orc high priest
 10040 | Orc:2    | Noticed a sixfirhy
 10040 | Orc:2    | Noticed an orc high priest
 10042 | Orc:2    | Killed an orc high priest
 10043 | Orc:2    | Reached XP level 13. HP: 73/77 MP: 13/13
 10115 | Orc:2    | Reached skill level 1 in Spellcasting
 10138 | Orc:2    | Found Acouts's Antique Armour Shop.
 10139 | Orc:2    | Found Sumysos's Antique Armour Boutique.
 10140 | Orc:2    | Found Quje Wis's Armour Shop.
 10140 | Orc:2    | Found Ycexkeik's Weapon Shop.
 10146 | Orc:2    | Bought a shiny ring mail for 182 gold pieces
 10493 | D:10     | Entered Level 10 of the Dungeon
 10703 | D:10     | Found a runed translucent door.
 10848 | D:10     | Noticed an entropy weaver
 10856 | D:10     | Killed an entropy weaver
 10897 | D:10     | Noticed an entropy weaver
 10900 | D:10     | Noticed a ghost crab
 10965 | D:10     | Killed an entropy weaver
 10974 | D:10     | Killed a ghost crab
 10975 | D:10     | Reached skill level 5 in Spellcasting
 11096 | D:10     | Noticed a ghost crab
 11124 | D:10     | Killed a ghost crab
 11171 | D:10     | Reached *** piety under Hepliaklqana
 11174 | D:10     | Noticed an entropy weaver
 11287 | D:10     | Found a staircase to the Lair.
 11626 | D:10     | Killed an entropy weaver
 11627 | D:10     | Reached XP level 14. HP: 82/82 MP: 22/22
 11668 | D:10     | Noticed an entropy weaver
 11678 | D:10     | Killed an entropy weaver
 11701 | D:10     | Identified the +1 plate armour of Sloth {*Slow rC++}
 11867 | D:11     | Noticed Psyche
 11869 | D:11     | Killed Psyche
 12401 | D:12     | Reached skill level 1 in Hexes
 12401 | D:12     | Reached skill level 1 in Summonings
 12481 | D:12     | Noticed Kirke
 12488 | D:12     | Noticed a sphinx
 12488 | D:12     | Paralysed by a sphinx for 4 turns
 12495 | D:12     | Killed Kirke
 13347 | D:12     | Noticed Erolcha
 13351 | D:12     | Killed Erolcha
 13678 | D:13     | Reached **** piety under Hepliaklqana
 14340 | D:13     | Identified the +8 chain mail of the Sturgeon {rF++}
 14398 | D:14     | Found a gate to the Vaults.
 15111 | D:14     | Reached XP level 15. HP: 69/89 MP: 26/26
 15134 | D:14     | Found a frozen archway.
 15140 | IceCv    | Entered an ice cave
 15672 | D:14     | Found the +3 giant club "Skullcrusher" {speed, Str+7}
 15701 | D:14     | Identified the +4 flail of the Howling One {vorpal, Dex+3}
 16107 | D:15     | Entered Level 15 of the Dungeon
 16155 | D:14     | Reached skill level 5 in Hexes
 16393 | D:14     | Found a glowing silver altar of Zin.
 16393 | D:14     | Noticed an angel
 16603 | D:15     | Reached skill level 5 in Summonings
 16690 | D:15     | Noticed Nessos
 16694 | D:15     | Killed Nessos
 16704 | D:15     | Reached skill level 1 in Shields
 16710 | D:15     | Reached skill level 15 in Fighting
 16881 | D:15     | Found a staircase to the Depths.
 16891 | Depths:1 | Entered Level 1 of the Depths
 16891 | Depths:1 | Noticed the Enchantress
 16891 | Depths:1 | Noticed a spriggan defender
 16891 | Depths:1 | Noticed a spriggan defender
 17115 | D:15     | Reached skill level 1 in Translocations
 17138 | D:15     | Reached ***** piety under Hepliaklqana
 17493 | D:15     | Noticed Louise
 17501 | D:15     | Killed Louise
 17768 | Lair:1   | Entered Level 1 of the Lair of Beasts
 18039 | Lair:1   | Reached XP level 16. HP: 97/97 MP: 28/28
 18534 | Lair:2   | Found a staircase to the Swamp.
 18830 | Lair:2   | Identified the ring "Ozumyj" {rElec MP+9 Stlth+}
 19437 | Lair:3   | Found a shimmering blue altar of Sif Muna.
 19460 | Lair:3   | Noticed Amaemon
 19464 | Lair:3   | Killed Amaemon
 19466 | Lair:3   | Reached skill level 5 in Translocations
 19472 | Lair:3   | Learned a level 3 spell: Portal Projectile
 19475 | Lair:3   | Learned a level 2 spell: Blink
 19613 | Lair:3   | Reached skill level 5 in Shields
 19778 | Lair:3   | Found a hole to the Spider Nest.
 20474 | Lair:4   | Noticed Rupert
 20478 | Lair:4   | Killed Rupert
 20566 | Lair:4   | Found a staircase to the Slime Pits.
 20567 | Lair:4   | Found a viscous altar of Jiyva.
 20646 | Lair:4   | Reached ****** piety under Hepliaklqana
 21333 | Elf:1    | Entered Level 1 of the Elven Halls
 21413 | Elf:1    | Noticed a deep elf sorcerer
 21417 | Elf:1    | Killed a deep elf sorcerer
 21437 | Elf:1    | Reached skill level 10 in Spellcasting
 21459 | Elf:1    | Noticed a deep elf sorcerer
 21699 | Elf:1    | Killed a deep elf sorcerer
 21700 | Elf:1    | Reached XP level 17. HP: 101/101 MP: 31/31
 22201 | Elf:1    | Found a bloodstained altar of Trog.
 22202 | Elf:1    | Paralysed by an air elemental for 1 turns
 22339 | Elf:1    | Reached skill level 17 in Ranged Weapons
 22420 | Elf:1    | Found an ancient bone altar of Kikubaaqudgha.
 22820 | Elf:1    | Reached skill level 18 in Ranged Weapons
 23092 | Elf:2    | Acquired 1106 gold pieces
 23131 | Elf:3    | Entered Level 3 of the Elven Halls
 23142 | Elf:3    | Reached skill level 19 in Ranged Weapons
 23204 | Elf:2    | Found Ruimaek's Armour Shoppe.
 23466 | Elf:2    | Found a huge runed translucent gate.
 23466 | Elf:2    | Found a huge runed translucent gate.
 23466 | Elf:2    | Found a huge runed translucent gate.
 23466 | Elf:2    | Found a huge runed translucent gate.
 23466 | Elf:2    | Found a huge runed translucent gate.
 23560 | Elf:2    | Reached skill level 20 in Ranged Weapons
 23900 | Elf:2    | Reached XP level 18. HP: 98/99 MP: 32/32
 23929 | Elf:2    | Noticed a deep elf blademaster
 23958 | Elf:2    | Killed a deep elf blademaster
 24070 | Elf:2    | Reached skill level 21 in Ranged Weapons
 24622 | Elf:3    | Reached skill level 1 in Invocations
 24726 | Elf:3    | Reached skill level 22 in Ranged Weapons
 24902 | Elf:3    | Found Zigy's Firing Range.
 25028 | Elf:3    | Noticed a deep elf master archer
 25030 | Elf:3    | Noticed a deep elf blademaster
 25316 | Elf:3    | Reached skill level 5 in Invocations
 25572 | Elf:3    | Noticed a deep elf master archer
 25575 | Elf:3    | Killed a deep elf master archer
 25594 | Elf:3    | Identified the +8 spear of Ybby {holy, rN+ Str+6}
 25634 | Elf:3    | Killed a deep elf blademaster
 25666 | Elf:3    | Noticed an Ice Fiend
 25694 | Elf:3    | Noticed an Ice Fiend
 25703 | Elf:3    | Killed a deep elf master archer
 25704 | Elf:3    | Reached XP level 19. HP: 93/111 MP: 33/33
 26100 | Elf:3    | Identified the +1 mace "Faac" {flame, Contam +Blink Str+2
                  | Dex+3}
 26107 | Elf:3    | Identified the +0 scale mail of the Swamp {rN++}
 26219 | Elf:3    | Identified the +0 cloak of Light {rC- rCorr Stlth+}
 26240 | Elf:3    | Got Zavujuc's Secrets of Metal and Attacks
 26775 | Swamp:1  | Entered Level 1 of the Swamp
 27073 | Swamp:1  | Reached skill level 10 in Dodging
 27181 | Swamp:1  | Identified the +7 dagger "Starlight" {vorpal, rC+}
 27695 | Swamp:2  | Reached skill level 10 in Evocations
 27733 | Swamp:2  | Noticed Mlioglotl
 27739 | Swamp:2  | Killed Mlioglotl
 27845 | Swamp:2  | You fall into a shaft and drop 1 floor!
 28698 | Swamp:4  | Entered Level 4 of the Swamp
 28815 | Swamp:4  | Reached XP level 20. HP: 120/120 MP: 34/34
 28988 | Swamp:4  | Found a basalt altar of Yredelemnul.
 29113 | Swamp:4  | Found a blossoming altar of Fedhas.
 29617 | Swamp:4  | Reached skill level 1 in Fire Magic
 29632 | Swamp:4  | Got a decaying rune of Zot
 29796 | Vaults:1 | Entered Level 1 of the Vaults
 30037 | Vaults:1 | HP: 6/122 [poisoned by you (poison gas)]
 30041 | Vaults:1 | HP: 2/122 [poisoned by you (poison gas)]
 30043 | Vaults:1 | Succumbed to their own poison gas

Illustrated notes

Levels and vault maps discovered:
D:1:      evilmike_arrival_plus, layout_loops_cross,
          dreamdust_ecumenical_altar_drowned_temple
D:2:      layout_basic
D:3:      layout_rooms, uniq_grinder, uniq_ijyb
D:4:      layout_basic, st_stairs_5, kennysheep_generic_room_15
D:5:      layout_gridville
D:6:      layout_loops_ring, corexii_item_surrounded_by_moat, kennysheep_path_1,
          minmay_misc_feat_tower, uniq_prince_ribbit1
D:7:      layout_loops_ring, nemelex_spade_bored_becter,
          minmay_temple_entry_junction, minmay_door_square, grunt_ministairs_5,
          uniq_joseph, uniq_duvessa
D:8:      layout_gridville, enter_bailey_2, uniq_erica, uniq_gastronok,
          uniq_maggie
D:9:      minmay_chambers_of_sixes, layout_basic,
          chequers_temple_overflow_statue_of_worship, hiddenorc2_lemuel
D:10:     gammafunk_mikee_crab_dinner, layout_rooms, erik_lair_orcish_takeover
D:11:     layout_rooms, kennysheep_flooded_box, uniq_psyche
D:12:     layout_basic, uniq_erolcha, uniq_kirke
D:13:     layout_roguey
D:14:     layout_loops_corners, david_vaults_3, portal_ice_cave_entry_dragon,
          zin_angel, hex_large, minmay_guarded_unrand_skullcrusher
D:15:     gammafunk_depths_entry_grave, layout_irregular_city,
          nicolae_triple_integral, uniq_nessos, uniq_louise
Temple:   minmay_crystal_spiral_temple
Lair:1:   layout_chaotic_city
Lair:2:   layout_loops_ring, swamp_mist, minivault_27
Lair:3:   layout_chaotic_city, nicolae_spider_entry_orb_guardian, basic_altar,
          grunt_megastairs_4, lemuel_fruit_tree, uniq_amaemon
Lair:4:   layout_regular_city, slime_entry_1, minivault_27,
          infiniplex_staircase_pool, uniq_rupert
Swamp:1:  layout_basic_swamp, nicolae_swamp_tree_designs
Swamp:2:  layout_basic_swamp, nicolae_swamp_little_tower, uniq_mlioglotl
Swamp:3:  cheibrodos_swamp_heart_of_darkness, layout_falls_marsh,
          hangedman_swamp_cone
Swamp:4:  byrel_swamp_growth_death_and_undeath, layout_basic_swamp
Orc:1:    layout_caves, library_closet, bloody_makhleb
Orc:2:    st_orc_pillars, layout_caves, maelrawn_ghost_gauntlet_escape,
          uniq_jorgrun
Elf:1:    nicolae_elf_arrival_no_cutting_in_line, layout_loops_ring,
          basic_altar, hangedman_elf_disciples, grunt_ministairs_12, drop_trap,
          evilmike_spriggan_trog_shrine
Elf:2:    elven_hall_of_blades_hangedman_alternative
          [nicolae_blade_little_rooms], layout_geoelf_octagon, serial_shops,
          nicolae_shop_hallway_stairs
Elf:3:    minmay_elf_hall_hex, layout_loops_corners, nicolae_shop_firing_range
Vaults:1: hangedman_vaults_stitches, ontoclasm_vaults_eye,
          hangedman_vaults_pinch, hangedman_vaults_impose,
          nicolae_vaults_alarming, vaults_dpeg_spiral, v_rooms_6,
          nicolae_vaults_little_squares_3, nicolae_vaults_little_squares_4,
          ontoclasm_vaults_fault, vaults_room_octagon, ontoclasm_vaults_tryst,
          layout_vaults_omnibox, serial_shops, bzr_firewalk, uniq_asterion,
          uniq_aizul
Depths:1: layout_cave_pools, grunt_pan_entry_zigzag, good_gods_temple_1,
          ebering_ghost_reflecting_pool, hangedman_coc_ice_floe,
          hangedman_decor_points, bloody_trog, uniq_enchantress

Skill      XL: |  1  2  3  4  5  6  7  8  9 10 11 12 13 14 15 16 17 18 19 20 |
---------------+-------------------------------------------------------------+-----
Ranged Weapons | 6 7 9 10 13 16 20 22 | 22.0
Armour         | 1 5 8 9 |  9.5
Stealth        | 4 7 8 |  8.0
Fighting       | 3 6 10 11 12 13 15 17 18 | 18.0
Dodging        | 3 4 6 7 8 11 | 11.3
Evocations     | 1 8 9 11 12 | 12.0
Spellcasting   | 5 7 8 10 | 10.9
Hexes          | 3 5 |  5.9
Summonings     | 3 5 |  5.0
Shields        | 3 6 |  6.5
Translocations | 3 8 |  8.4
Invocations    | 9 |  9.5
Fire Magic     | 2 |  2.6

Action                   |  1- 3 |  4- 6 |  7- 9 | 10-12 | 13-15 | 16-18 | 19-21 || total
-------------------------+-------+-------+-------+-------+-------+-------+-------++-------
Melee: Hand crossbow     |       |       |       |     4 |       |       |       ||     4
 Fire: Shortbow          |    63 |       |       |       |       |       |       ||    63
       Hand crossbow     |     6 |    53 |   137 |   398 |   628 |   605 |   371 ||  2198
 Cast: Portal Projectile |       |       |       |       |       |     2 |     2 ||     4
       Blink             |       |       |       |       |       |     3 |     6 ||     9
Invok: Ancestor Identity |       |       |       |     1 |       |       |       ||     1
       Recall Ancestor   |       |       |       |     1 |     1 |     2 |     1 ||     5
       Ancestor Life: Kn |       |       |       |     1 |       |       |       ||     1
       Idealise          |       |       |       |       |       |       |     1 ||     1
Evoke: Wand              |       |       |       |     1 |    11 |     2 |     2 ||    16
       Condenser vane    |       |       |       |       |       |       |     2 ||     2
  Use: Scroll            |     7 |     6 |     2 |    13 |    12 |    13 |     5 ||    58
       Potion            |       |       |       |     7 |     1 |    10 |     7 ||    25
Armor: Leather armour    |     7 |    13 |    11 |    21 |       |       |       ||    52
       Troll leather arm |       |       |       |     3 |       |       |       ||     3
       Ring mail         |       |       |       |       |    32 |       |       ||    32
       Chain mail        |       |       |       |       |   113 |   174 |   115 ||   402
       Plate armour      |       |       |       |       |     8 |       |       ||     8
Dodge: Dodged            |    21 |    16 |    63 |   174 |   287 |   196 |   159 ||   916
Block: Buckler           |       |       |       |       |    14 |   144 |    69 ||   227

Table legend: (Time is in decaauts)
 A = Elapsed time spent in this place.
 B = Non-inter-level travel time spent in this place.
 C = Inter-level travel time spent in this place.
 D = Time resting spent in this place.
 E = Time spent auto-exploring this place.
 F = Levels seen in this place.
 G = Mean time per level.
                   A        B        C        D        E       F      G
               +--------+--------+--------+--------+--------+-----+--------+
         Total |  30874 |  29361 |   1513 |   4346 |  19604 |  33 |  935.6 |
       Dungeon |  16371 |  15470 |    901 |   2248 |  10838 |  15 | 1091.4 |
        Temple |     34 |     34 |      0 |      0 |     15 |   1 |   34.0 |
          Lair |   3635 |   3395 |    240 |     35 |   2944 |   4 |  908.8 |
         Swamp |   3290 |   3151 |    139 |    447 |   2075 |   4 |  822.5 |
  Orcish Mines |   1486 |   1410 |     76 |     40 |    892 |   2 |  743.0 |
   Elven Halls |   5453 |   5298 |    155 |   1491 |   2576 |   3 | 1817.7 |
        Vaults |    261 |    261 |      0 |     55 |     96 |   1 |  261.0 |
        Depths |      1 |      1 |      0 |      0 |      0 |   1 |    1.0 |
        Bailey |    280 |    280 |      0 |     29 |    155 |   1 |  280.0 |
      Ice Cave |     57 |     57 |      0 |      0 |     11 |   1 |   57.0 |
               +--------+--------+--------+--------+--------+-----+--------+

Top non-repeatable levels by time:
   Elf:3: 2373 daAuts
    D:13: 1701 daAuts
    D:14: 1650 daAuts
   Elf:2: 1562 daAuts
     D:9: 1556 daAuts
   Elf:1: 1517 daAuts
    D:10: 1403 daAuts
     D:7: 1396 daAuts
    D:15: 1186 daAuts
     D:5: 1122 daAuts
 Swamp:4: 1112 daAuts
   Orc:2: 1031 daAuts
  Lair:3: 1018 daAuts
     D:4: 1013 daAuts
  Lair:4: 1005 daAuts
